 Dungeon Crawl Stone Soup version 0.27-a0-1087-gf39c287674 (webtiles) character file.

Game seed: 15478259244656403733

71570 Froggeryz the Stormcaller (level 15, -19/115 HPs)
             Began as a Barachi Air Elementalist on Apr 25, 2021.
             Was a High Priest of Vehumet.
             Demolished by an orc knight
             ... wielding a +0 war axe
              (48 damage)
             ... in a bailey on Apr 26, 2021.
             The game lasted 01:06:08 (30233 turns).

Froggeryz the Stormcaller (BaAE)                   Turns: 30233, Time: 01:06:08

Health: -19/115    AC: 13    Str: 17    XL:     15   Next: 37%
Magic:  10/27      EV: 15    Int: 19    God:    Vehumet [*****.]
Gold:   380        SH:  0    Dex: 13    Spells: 4/30 levels left

rFire    + + .     SeeInvis .   D - +6 quarterstaff (spect)
rCold    + . .     Faith    .   (shield currently unavailable)
rNeg     + . .     Spirit   .   T - +2 robe {rC+ rF+}
rPois    .         Reflect  .   s - +2 helmet
rElec    .         Harm     .   G - +2 cloak {Will+}
rCorr    +         Rampage  .   h - +0 pair of gloves
Will     ++...                  U - +1 pair of boots "Omeror" {Fly rN+ rCorr Str+5}
Stlth    +.........             (no amulet)
HPRegen  0.29/turn              p - ring of protection from fire
MPRegen  0.20/turn              Q - ring of wizardry

@: unable to hop, flying, contaminated, glowing, slow
A: amphibious, slowness 1, strong legs 2, +LOS
a: Hop, Renounce Religion


You were in a bailey.
You worshipped Vehumet.
Vehumet was extremely pleased with you.
You visited 4 branches of the dungeon, and saw 20 of its levels.
You also visited: Bailey.

You collected 2032 gold pieces.
You spent 1652 gold pieces at shops.

Inventory:

Hand Weapons
 c - a +5 dagger of venom
 r - the +1 flail of Debt {flame, rN+ Will+ Str-4}
   (You found it on level 5 of the Dungeon)

   It has been specially enchanted to burn those struck by it, causing extra
   injury to most foes and up to half again as much damage against particularly
   susceptible opponents.
   It affects your strength (-4).
   It protects you from negative energy.
   It increases your willpower.
 B - a +4 lajatang of distortion
 D - a +6 spectral quarterstaff (weapon)
Missiles
 x - 2 throwing nets
Armour
 h - a +0 pair of gloves (worn)
 k - a +0 kite shield
 s - a +2 helmet (worn)
 G - a +2 cloak of willpower (worn)
 T - a +2 robe of resistance (worn)
 U - the +1 pair of boots "Omeror" (worn) {Fly rN+ rCorr Str+5}
   (You bought it in a shop on level 2 of the Orcish Mines)

   It affects your strength (+5).
   It protects you from negative energy.
   It grants you flight.
   It protects you from acid and corrosion.
Jewellery
 j - a ring of ice
 p - a ring of protection from fire (left hand)
 u - a ring of resist corrosion
 F - a ring of magical power
 Q - a ring of wizardry (right hand)
Wands
 g - a wand of polymorph (22)
 n - a wand of paralysis (24)
 q - a wand of charming (6)
 t - a wand of iceblast (43)
 y - a wand of flame (58)
 E - a wand of acid (7)
 J - a wand of digging (6)
Scrolls
 a - a scroll of acquirement
 b - 4 scrolls of magic mapping
 i - a scroll of silence
 l - 3 scrolls of blinking
 m - 3 scrolls of fear
 v - 9 scrolls of teleportation
 w - 2 scrolls of immolation
 I - 5 scrolls of fog
 K - a scroll of enchant armour
 L - 3 scrolls of amnesia
 N - 2 scrolls of torment
 P - 4 scrolls of identify
Potions
 d - 2 potions of heal wounds
 e - 3 potions of flight
 f - 7 potions of curing
 o - 2 potions of resistance
 z - 3 potions of brilliance
 A - a potion of might
 H - 2 potions of lignification
 M - 2 potions of haste
 O - 3 potions of ambrosia
 R - a potion of magic
 S - a potion of invisibility {unknown}


   Skills:
 - Level 10.2 Fighting
 - Level 8.7 Staves
 - Level 8.1 Dodging
 - Level 1.7 Stealth
 - Level 8.0 Shields
 - Level 8.2 Spellcasting
 - Level 12.0 Conjurations
 + Level 17.2 Air Magic
 - Level 7.0 Evocations


You had 4 spell levels left.
You knew the following spells:

 Your Spells              Type           Power      Damage    Failure   Level
a - Tornado               Air            32%        N/A       54%         9
b - Static Discharge      Conj/Air       59%        N/A       1%          2
c - Airstrike             Air            32%        N/A       1%          4
d - Lightning Bolt        Conj/Air       29%        1d46      1%          5
e - Conjure Ball Lightni  Conj/Air       29%        3x3d8     1%          6

Your spell library contained the following spells:

 Spells                   Type           Power      Damage    Failure   Level
 Shock                    Conj/Air       100%       1d9       0%          1
 Swiftness                Air            65%        N/A       0%          3
 Foxfire                  Conj/Fire      100%       2x1d9     1%          1
 Poisonous Vapours        Pois/Air       80%        N/A       1%          2
 Conjure Flame            Conj/Fire      30%        6-21      1%          3
 Dazzling Flash           Conj/Hex       60%        N/A       1%          3
 Mephitic Cloud           Conj/Pois/Air  44%        N/A       1%          3
 Sticky Flame             Conj/Fire      30%        2d5       1%          4
 Apportation              Tloc           14%        N/A       3%          1
 Beastly Appendage        Tmut           14%        N/A       3%          1
 Corona                   Hex            7%         N/A       3%          1
 Sting                    Tmut/Pois      28%        1d4       3%          1
 Ignite Poison            Fire/Tmut/Pois 7%         N/A       3%          3
 Inner Flame              Hex/Fire       7%         N/A       3%          3
 Ensorcelled Hibernation  Hex/Ice        14%        N/A       6%          2
 Slow                     Hex            7%         N/A       6%          2
 Wereblood                Tmut           7%         N/A       6%          2
 Olgreb's Toxic Radiance  Pois           7%         N/A       10%         4
 Confusing Touch          Hex            7%         N/A       11%         3
 Lesser Beckoning         Tloc           3%         N/A       11%         3
 Portal Projectile        Hex/Tloc       14%        N/A       11%         3
 Spider Form              Tmut/Pois      3%         N/A       11%         3
 Tukima's Dance           Hex            7%         N/A       11%         3
 Cause Fear               Hex            3%         N/A       32%         4
 Ice Form                 Ice/Tmut       7%         N/A       32%         4
 Leda's Liquefaction      Hex/Erth       3%         N/A       32%         4
 Iskenderun's Battlesphe  Conj           52%        2d10      1%          5
 Fireball                 Conj/Fire      15%        3d8       2%          5
 Bolt of Magma            Conj/Fire/Erth 11%        4d7       5%          5
 Orb of Destruction       Conj           26%        9d10      6%          7
 Iron Shot                Conj/Erth      15%        9d4       13%         6
 Spellforged Servitor     Conj/Summ      15%        N/A       47%         7
 Alistair's Intoxication  Tmut/Pois      4%         N/A       65%         5
 Hydra Form               Tmut           3%         N/A       65%         5
 Invisibility             Hex            7%         N/A       99%         6
 Ignition                 Fire           3%         3d4       100%        8
 Shatter                  Erth           3%         3d7*      100%        9


Dungeon Overview and Level Annotations

Branches:
Dungeon (11/15)            Temple (1/1) D:4            Lair (6/6) D:8
 Shoals (0/4) Lair:2        Snake (0/4) Lair:2        Slime (0/5) Lair:5
    Orc (2/2) D:10            Elf (0/3) Orc:2        Bailey (1/1)

Altars:
Ashenzari
Cheibriados
Dithmenos
Elyvilon
Fedhas
Gozag
Hepliaklqana
Kikubaaqudgha
Makhleb
Nemelex Xobeh
Okawaru
Ru
Sif Muna
Trog
Uskayaw
Vehumet
Wu Jian
Xom
Yredelemnul
Zin
The Shining One
Lugonu

Shops:
D:3 ?   D:4 *   Orc:2 **(?[

Annotations:
D:6 2 transporters, glosham's ghost, weakling DjDe
D:7 exclusion: oklob plant


Innate Abilities, Weirdness & Mutations

You are amphibious.
You cover ground slowly.
You can hop long distances.
You have an extended range of vision and can be seen from far away.


Message History

The orcs go into a battle-frenzy!
An orc comes into view. It is wielding a +0 hand axe.
An orc warrior comes into view. It is wielding a +0 broad axe.
The orc knight hits you with a +0 war axe!
You barely miss the orc knight.
Your spectral weapon completely misses the orc knight.
The orc closely misses your spectral weapon.
The orc knight roars a battlecry!
The orc knight goes into a battle-frenzy!
The orc knight hits you with a +0 war axe!!!
The orc knight hits your spectral weapon with a +0 war axe!
Your spectral weapon shares its damage with you!
Hop to where?
Press: ? - help, Dir - move target Boing!
Casting: Tornado (extremely dangerous; 54% risk of failure)
Confirm with . or Enter, or press ? or * to list all spells.
The spell is extremely dangerous to cast (54% risk of failure)!
Continue anyway?
Okay, then.
Unknown command.
Casting: Tornado (extremely dangerous; 54% risk of failure)
Confirm with . or Enter, or press ? or * to list all spells.
The spell is extremely dangerous to cast (54% risk of failure)!
Continue anyway?
You miscast Tornado.
You are contaminated with residual magic.
You are caught in an explosion of electrical discharges!!
* * * LOW HITPOINT WARNING * * *
You feel much better.
Casting: Tornado (extremely dangerous; 54% risk of failure)
Confirm with . or Enter, or press ? or * to list all spells.
The spell is extremely dangerous to cast (54% risk of failure)!
Continue anyway?
Okay, then.
Casting: Tornado (extremely dangerous; 54% risk of failure)
Confirm with . or Enter, or press ? or * to list all spells.
The spell is extremely dangerous to cast (54% risk of failure)!
Continue anyway?
You miscast Tornado.
You are caught in an explosion of electrical discharges!!
* * * LOW HITPOINT WARNING * * *
The orc knight hits you with a +0 war axe!!!
You die...

####### o...o.
##.....##o...o.
#.......gg.....
'..
##......g##og...
##.. #.........#
.. #...
##....g.g..##
##...
#.....o.o...#
#....
##....o....##
#... #....@....#
#... ##.......##
#.. #..)....#
#.. ##.....##
##. ##)#### ##
##.))..## ##.
#.......# #..
##...)...## ##..
#.........# #...


You could see 2 orc knights, an orc warrior (strong), a gnoll, 2 orcs, 2
hobgoblins and a goblin.

Vanquished Creatures
  Jorgrun (Orc:1)
  A fire dragon (Lair:6)
  Harold (D:10)
  Erolcha (D:9)
  4 hydras
  2 catoblepae
  Erica (D:10)
  3 two-headed ogres
  5 death yaks
  3 orc high priests (Orc:2)
  Nergalle (D:10)
  A lindwurm (Lair:6)
  A swamp dragon (Lair:6)
  6 orc knights
  An obsidian statue (D:10)
  4 orc sorcerers (Orc:2)
  Pikel (D:7)
  A manticore (D:11)
  2 ugly things (D:9)
  13 elephants (Lair:5)
  4 black mambas
  A merfolk siren (Lair:2)
  Joseph (D:7)
  Maurice (D:10)
  17 cane toads
  An unseen horror (D:10)
  7 rime drakes
  16 komodo dragons
  A freezing wraith (D:9)
  2 polar bears
  4 trolls
  A queen bee (D:8)
  Prince Ribbit (D:6)
  Grinder (D:6)
  4 dream sheep (Lair:6)
  2 slime creatures (Lair:5)
  24 blink frogs
  A wraith (D:11)
  53 yaks
  5 wyverns
  2 basilisks
  A vampire mosquito (D:9)
  4 steam dragons
  Grum (D:8)
  4 nagas (Lair:2)
  6 wargs
  3 acid dragons
  25 water moccasins
  3 sky beasts
  22 orc warriors
  A swamp drake (Lair:6)
  A necrophage (D:5)
  12 wolves
  3 ogres
  6 centaurs
  A phantom (D:5)
  A lemure (D:7)
  A kobold brigand (D:7)
  11 bullfrogs
  A wyvern zombie (D:7)
  19 killer bees
  2 water moccasin skeletons
  5 wights (D:6)
  A howler monkey (D:9)
  2 electric eels
  2 bullfrog zombies
  16 orc priests
  9 hounds
  5 centaur zombies
  10 jellies
  A centaur skeleton (D:6)
  Jessica (D:2)
  A gnoll shaman (D:6)
  3 iguanas (Lair:6)
  18 orc wizards
  A killer bee zombie (D:7)
  3 howler monkey zombies
  13 gnolls
  6 adders
  2 white imps
  An adder skeleton (D:4)
  3 worms
  A dart slug (D:5)
  67 orcs
  16 ball pythons
  5 bats
  18 endoplasms
  2 giant cockroaches
  21 goblins
  16 hobgoblins
  9 kobolds
  2 quokkas
  A frilled lizard (D:1)
  3 rats
594 creatures vanquished.

Vanquished Creatures (others)
  A blink frog (Lair:6)
  2 ball lightnings (D:11)
  50 fungi
  128 plants
181 creatures vanquished.

Grand Total: 775 creatures vanquished

Notes
Turn   | Place    | Note
-------+----------+-------------------------------------------
     0 | D:1      | Froggeryz the Barachi Air Elementalist began the quest for
                  | the Orb.
     0 | D:1      | Reached XP level 1. HP: 13/13 MP: 3/3
   405 | D:1      | Reached XP level 2. HP: 19/19 MP: 1/5
   779 | D:1      | Found a faded altar of an unknown god.
  1060 | D:2      | Reached skill level 4 in Air Magic
  1060 | D:2      | Reached XP level 3. HP: 22/24 MP: 3/6
  1063 | D:2      | Learned a level 2 spell: Static Discharge
  1338 | D:2      | Reached XP level 4. HP: 23/30 MP: 7/7
  1562 | D:2      | Noticed Jessica
  1570 | D:2      | Killed Jessica
  1615 | D:2      | You fall into a shaft and drop 1 floor!
  2279 | D:3      | Found Boni's Magic Scroll Shoppe.
  2283 | D:3      | Bought a scroll of fear for 38 gold pieces
  2390 | D:3      | Reached skill level 5 in Air Magic
  2390 | D:3      | Reached XP level 5. HP: 34/35 MP: 3/8
  3255 | D:3      | Found a bloodstained altar of Trog.
  3338 | D:4      | Found a staircase to the Ecumenical Temple.
  3338 | D:4      | Found a radiant altar of Vehumet.
  3340 | D:4      | Noticed a sky beast
  3345 | Temple   | Entered the Ecumenical Temple
  3388 | D:4      | Killed a sky beast
  3389 | D:4      | Reached XP level 6. HP: 9/44 MP: 7/9
  3495 | D:4      | Became a worshipper of Vehumet
  4074 | D:4      | Found Jymutri's General Store.
  4124 | D:4      | Bought a potion of degeneration for 10 gold pieces
  4379 | D:5      | Entered Level 5 of the Dungeon
  4392 | D:5      | Reached skill level 5 in Conjurations
  4392 | D:5      | Reached skill level 6 in Air Magic
  4392 | D:5      | Reached XP level 7. HP: 46/52 MP: 10/10
  4429 | D:5      | Found a sparkling altar of Nemelex Xobeh.
  4549 | D:5      | Identified the +1 flail of Debt {flame, rN+ Will+ Str-4}
  5584 | D:6      | Noticed Grinder
  5584 | D:6      | Noticed Prince Ribbit
  5591 | D:5      | Reached skill level 5 in Spellcasting
  5648 | D:6      | Paralysed by Grinder for 2 turns
  5657 | D:6      | Killed Grinder
  5658 | D:6      | Reached XP level 8. HP: 57/58 MP: 7/17
  5794 | D:6      | Found a white marble altar of Elyvilon.
  5909 | D:6      | Found a transporter.
  5912 | D:6      | Noticed glosham's ghost (weakling DjDe)
  5913 | D:6      | Identified the +0 great mace of Disharmony {flame, rElec
                  | Dex+5 Stlth-}
  5913 | D:6      | Identified the +4 great mace of Valiance {antimagic, Contam
                  | rPois rC+ rN+}
  5913 | D:6      | Noticed a two-headed ogre
  5917 | D:6      | Found a transporter.
  6436 | D:6      | Found a glowing golden altar of the Shining One.
  6484 | D:6      | Killed Prince Ribbit
  6689 | D:6      | Found a broken altar of Ashenzari.
  6694 | D:6      | Found a basalt altar of Yredelemnul.
  6947 | D:6      | Reached skill level 7 in Air Magic
  6947 | D:6      | Reached XP level 9. HP: 42/63 MP: 14/21
  7141 | D:6      | Saw a vision of the Shoals and the Snake Pit.
  7141 | D:6      | Noticed a naga ritualist
  7141 | D:6      | Noticed a merfolk siren
  7141 | D:6      | Noticed a merfolk siren
  7141 | D:6      | Noticed an anaconda
  7141 | D:6      | Noticed a merfolk siren
  7141 | D:6      | Noticed a shock serpent
  7141 | D:6      | Noticed a merfolk
  7141 | D:6      | Noticed a naga mage
  7141 | D:6      | Noticed a naga mage
  7141 | D:6      | Noticed a merfolk
  7141 | D:6      | Noticed a black mamba
  7141 | D:6      | Noticed a wind drake
  7257 | D:6      | Reached * piety under Vehumet
  7257 | D:6      | Offered knowledge of Sandblast by Vehumet.
  7385 | D:6      | Reached skill level 8 in Air Magic
  7912 | D:7      | Learned a level 4 spell: Airstrike
  7918 | D:7      | Learned a level 5 spell: Lightning Bolt
  7988 | D:7      | Reached skill level 9 in Air Magic
  8026 | D:7      | Noticed Pikel
  8331 | D:7      | Killed Pikel
  8332 | D:7      | Reached skill level 10 in Air Magic
  8512 | D:7      | Found a shimmering blue altar of Sif Muna.
  8764 | D:7      | Noticed an oklob plant
  8772 | D:7      | Reached skill level 11 in Air Magic
  8776 | D:7      | Reached XP level 10. HP: 60/70 MP: 16/22
  8776 | D:7      | Reached ** piety under Vehumet
  8776 | D:7      | Offered knowledge of Freeze by Vehumet.
  8948 | D:7      | Noticed Joseph
  8971 | D:7      | Killed Joseph
  9505 | D:8      | Reached skill level 12 in Air Magic
  9721 | D:8      | Noticed Grum
  9733 | D:8      | Killed Grum
  9734 | D:8      | Reached skill level 13 in Air Magic
  9905 | D:8      | Found a staircase to the Lair.
 10003 | D:8      | HP: 3/70 [poisoned by a killer bee]
 10061 | D:8      | HP: 3/70 [killer bee (6)]
 11278 | D:8      | Found a hazy altar of Hepliaklqana.
 11323 | Lair:1   | Entered Level 1 of the Lair of Beasts
 11379 | Lair:1   | Reached skill level 14 in Air Magic
 11467 | Lair:1   | Reached XP level 11. HP: 75/75 MP: 23/23
 11863 | Lair:1   | Reached skill level 15 in Air Magic
 12074 | Lair:1   | Reached skill level 1 in Staves
 13033 | Lair:2   | Offered knowledge of Mephitic Cloud by Vehumet.
 13147 | Lair:2   | Noticed a six-headed hydra
 13159 | Lair:2   | Killed a six-headed hydra
 13160 | Lair:2   | Reached skill level 5 in Fighting
 13324 | Lair:2   | Reached skill level 1 in Evocations
 13547 | Lair:2   | Found a staircase to the Snake Pit.
 13713 | Lair:2   | Found a staircase to the Shoals.
 13956 | Lair:2   | Reached skill level 5 in Staves
 13956 | Lair:2   | Reached XP level 12. HP: 86/86 MP: 19/24
 14114 | Lair:2   | Reached *** piety under Vehumet
 14386 | Lair:2   | Noticed a catoblepas
 14388 | Lair:2   | Killed a catoblepas
 15063 | Lair:3   | Noticed a four-headed hydra
 15065 | Lair:3   | Killed a four-headed hydra
 15089 | Lair:3   | Reached skill level 5 in Evocations
 15105 | Lair:3   | Offered knowledge of Ignite Poison by Vehumet.
 16070 | Lair:3   | Reached **** piety under Vehumet
 16711 | Lair:4   | Found an opulent altar of Gozag.
 17053 | Lair:4   | Reached skill level 1 in Shields
 17447 | Lair:4   | Identified a scroll of acquirement
 17447 | Lair:4   | Acquired a +2 lajatang of distortion
 17609 | Lair:5   | Reached skill level 5 in Dodging
 17610 | Lair:5   | Gained mutation: You can hop long distances. [Barachi
                  | growth]
 17610 | Lair:5   | Reached XP level 13. HP: 73/98 MP: 8/25
 17610 | Lair:5   | Offered knowledge of Iskenderun's Mystic Blast by Vehumet.
 18220 | Lair:5   | Reached skill level 5 in Shields
 18683 | Lair:5   | Found a staircase to the Slime Pits.
 19056 | Lair:6   | Entered Level 6 of the Lair of Beasts
 19654 | Lair:6   | Reached skill level 10 in Fighting
 19909 | Lair:6   | Reached ***** piety under Vehumet
 20110 | Lair:6   | Offered knowledge of Hailstorm by Vehumet.
 20491 | Lair:6   | Reached XP level 14. HP: 92/110 MP: 5/26
 21990 | Lair:6   | Reached skill level 10 in Conjurations
 23294 | D:9      | Found a sacrificial altar of Ru.
 23443 | D:9      | Noticed Erolcha
 23445 | D:9      | Killed Erolcha
 24006 | D:9      | Found a snail-covered altar of Cheibriados.
 24125 | D:9      | Upgraded the game from 0.27-a0-1078-g0d77da13b5 to
                  | 0.27-a0-1083-gcf8293e1eb
 24126 | D:10     | Entered Level 10 of the Dungeon
 24126 | D:10     | Noticed Erica
 24132 | D:10     | Killed Erica
 24243 | D:10     | Found a staircase to the Orcish Mines.
 24257 | D:10     | Found a hide-covered altar of Uskayaw.
 24290 | D:10     | Noticed Nergalle
 24296 | D:10     | Killed Nergalle
 24566 | D:10     | Found a shadowy altar of Dithmenos.
 25116 | D:10     | Found an ornate altar of the Wu Jian Council.
 25116 | D:10     | Noticed Harold
 25120 | D:10     | Killed Harold
 25230 | D:10     | Identified the +3 dagger "Faehed" {freeze, rPois rC+ rN+
                  | MP+9}
 25382 | Orc:1    | Entered Level 1 of the Orcish Mines
 25888 | Orc:1    | Noticed Jorgrun
 25893 | Orc:1    | Noticed Maurice
 25910 | D:10     | Killed Maurice
 26549 | Orc:1    | Killed Jorgrun
 26550 | Orc:1    | Reached skill level 16 in Air Magic
 26550 | Orc:1    | Reached XP level 15. HP: 33/115 MP: 17/27
 27181 | Orc:1    | Learned a level 9 spell: Tornado
 27193 | Orc:2    | Entered Level 2 of the Orcish Mines
 27197 | Orc:2    | Found a staircase to the Elven Halls.
 27290 | Orc:2    | Offered knowledge of Conjure Ball Lightning by Vehumet.
 27469 | Orc:2    | Found a shimmering blue altar of Sif Muna.
 28373 | Orc:2    | Found Afeosk's Weapon Shoppe.
 28379 | Orc:2    | Found Yjoit's Antique Armour Shop.
 28384 | Orc:2    | Found Zugaax's Magic Scroll Shop.
 28397 | Orc:2    | Found Tequ's General Store.
 28404 | Orc:2    | Bought a scroll of acquirement for 780 gold pieces
 28416 | Orc:2    | Bought a pair of faintly glowing boots for 389 gold pieces
 28416 | Orc:2    | Identified the +1 pair of boots "Omeror" {Fly rN+ rCorr
                  | Str+5} (You bought it in a shop on level 2 of the Orcish
                  | Mines)
 28524 | Orc:2    | Found Wuckeefafi's Assorted Antiques.
 28534 | Orc:2    | Bought a leatherbound book for 435 gold pieces
 28949 | Orc:2    | Identified Sif Muna's Compendium of Moulding
 29020 | Orc:1    | Reached skill level 17 in Air Magic
 29559 | D:11     | Learned a level 6 spell: Conjure Ball Lightning
 29598 | D:11     | Upgraded the game from 0.27-a0-1083-gcf8293e1eb to
                  | 0.27-a0-1087-gf39c287674
 30013 | D:11     | Found a flagged portal.
 30020 | Bailey   | Entered a bailey
 30233 | Bailey   | Demolished by an orc knight

Illustrated notes

Levels and vault maps discovered:
D:1:      minmay_arrival_shattered_statue, layout_loops_ring,
          chequers_ecumenical_altar_simple, serial_bayou, serial_bayou_crossing,
          serial_bayou_lake_a, serial_bayou_shore_b, serial_bayou_lagoon_a
D:2:      layout_basic, small_statue_intersection, kennysheep_generic_room_10,
          uniq_jessica
D:3:      minmay_octagon_keep, layout_rooms, lemuel_coloured_pillars_altar,
          serial_shops, shop, chequers_mini_garden,
          chequers_serial_rivers_micro_e, minmay_hedge_maze
D:4:      layout_rooms, amcnicky_altar_gilded, temple_fountains, serial_shops,
          shop
D:5:      layout_basic, old_standard_altar, nicolae_overflow_hidden_temple
D:6:      layout_loops_corners, elyvilon_altar_1, kennysheep_mini,
          kennysheep_mini_moat, grunt_ashenzari_visionary
          [grunt_ashenzari_visionary_shoals, grunt_ashenzari_visionary_snake],
          gammafunk_ghost_smash, uniq_grinder, uniq_prince_ribbit1
D:7:      lemuel_slime, layout_basic, old_standard_altar, lemuel_another_geyser,
          uniq_pikel, uniq_joseph
D:8:      layout_cave_pods, lemuel_round_altar, lair_entry_dummy,
          nicolae_looking_at_the_future, uniq_grum
D:9:      nzn_winding_woodlands_three_and_one
          [nzn_winding_woodlands_5x15_river_crossing,
          nzn_winding_woodlands_5x15_sawtooth,
          nzn_winding_woodlands_5x15_default,
          nzn_winding_woodlands_center_triple_pond], layout_basic,
          nicolae_ru_sacrificial_ziggurat, overflow_temple_1_default,
          grunt_decor_fettered, uniq_erolcha
D:10:     layout_irregular_city, lemuel_round_altar, nicolae_uskayaw_dance_hall,
          general_overflow_altar, minmay_orc_entry_guard_dogs,
          minmay_misc_feat_four_crosses, minivault_16, uniq_erica,
          uniq_nergalle, uniq_harold
D:11:     layout_basic, enter_bailey_2, gauntlet_entry_generic
Temple:   corrupted_temple
Lair:1:   layout_layer_cave, portal_ice_cave_rime, serial_bayou_shore_a,
          infiniplex_staircase_pool, serial_bayou_shore_b
Lair:2:   layout_cave_pods, minmay_shoals_entry_lonely_mermaid,
          minmay_snake_entry_guardpost_small, grunt_megastairs_3
Lair:3:   beast_lair_carwin_large_3, layout_hall_layers,
          infiniplex_staircase_pool_2
Lair:4:   layout_cellular_growth, lemuel_centaur_altar
Lair:5:   layout_long_grid, minmay_slime_entry_pillars, minivault_27,
          nicolae_lair_yak_garden, grunt_megastairs_1
Lair:6:   guppyfry_lair_end_dragon, layout_regular_city, serial_bayou_shore_b
Orc:1:    layout_caves, uniq_jorgrun, uniq_maurice
Orc:2:    st_orc_elflike, layout_caves, serial_shops,
          nicolae_shop_overgrown_old_shop, led_sif_book
Bailey:   bailey_axe_minmay_hex_keep, bailey

Skill      XL: |  1  2  3  4  5  6  7  8  9 10 11 12 13 14 15 |
---------------+----------------------------------------------+-----
Conjurations   | 2 3 4 5 7 8 12 | 12.0
Air Magic      | 4 5 6 7 11 14 15 16 17 | 17.2
Fighting       | 2 3 5 7 10 | 10.2
Spellcasting   | 6 8 |  8.2
Staves         | 5 7 8 |  8.7
Evocations     | 3 7 |  7.0
Dodging        | 5 8 |  8.1
Shields        | 2 7 8 |  8.0
Stealth        | |  1.7

Action                   |  1- 3 |  4- 6 |  7- 9 | 10-12 | 13-15 || total
-------------------------+-------+-------+-------+-------+-------++-------
Melee: Dagger            |    24 |    87 |    26 |     7 |       ||   144
       Quarterstaff      |       |       |       |   150 |   311 ||   461
 Cast: Shock             |    27 |    79 |   117 |    96 |       ||   319
       Static Discharge  |     3 |    10 |    69 |    12 |     6 ||   100
       Airstrike         |       |       |       |   105 |   208 ||   313
       Lightning Bolt    |       |       |       |    27 |   118 ||   145
       Tornado           |       |       |       |       |     4 ||     4
       Conjure Ball Ligh |       |       |       |       |     1 ||     1
 Abil: Hop               |       |     1 |       |     6 |    12 ||    19
Evoke: Wand              |       |       |       |     9 |     2 ||    11
  Use: Scroll            |       |    10 |       |    14 |     2 ||    26
       Potion            |       |     1 |       |     3 |     2 ||     6
 Stab: Sleeping          |       |     4 |     1 |     1 |     1 ||     7
       Paralysed         |       |       |       |     6 |       ||     6
       Distracted        |       |       |       |     1 |     3 ||     4
Armor: Robe              |     3 |    22 |    33 |    45 |    85 ||   188
Dodge: Dodged            |    18 |    46 |    66 |    88 |   199 ||   417

Table legend: (Time is in decaauts)
 A = Elapsed time spent in this place.
 B = Non-inter-level travel time spent in this place.
 C = Inter-level travel time spent in this place.
 D = Time resting spent in this place.
 E = Time spent auto-exploring this place.
 F = Levels seen in this place.
 G = Mean time per level.
                   A        B        C        D        E       F      G
               +--------+--------+--------+--------+--------+-----+--------+
         Total |  32902 |  31640 |   1262 |   5940 |  21559 |  21 | 1566.8 |
       Dungeon |  16901 |  16226 |    675 |   2649 |  11534 |  11 | 1536.5 |
        Temple |     32 |     32 |      0 |      0 |      0 |   1 |   32.0 |
          Lair |  12425 |  11987 |    438 |   2320 |   8213 |   6 | 2070.8 |
  Orcish Mines |   3312 |   3164 |    148 |    970 |   1740 |   2 | 1656.0 |
        Bailey |    230 |    230 |      0 |      0 |     72 |   1 |  230.0 |
               +--------+--------+--------+--------+--------+-----+--------+

Top non-repeatable levels by time:
  Lair:6: 3084 daAuts
     D:6: 2378 daAuts
  Lair:5: 2358 daAuts
    D:10: 2244 daAuts
     D:8: 2059 daAuts
  Lair:2: 1992 daAuts
   Orc:2: 1989 daAuts
  Lair:1: 1877 daAuts
     D:7: 1848 daAuts
  Lair:3: 1846 daAuts
     D:9: 1689 daAuts
     D:5: 1392 daAuts
     D:3: 1328 daAuts
   Orc:1: 1323 daAuts
  Lair:4: 1266 daAuts
